 Dungeon Crawl Stone Soup version 0.31-a0-66-ge618eeaa78 (webtiles) character file.

Game seed: 11493663177932182349

212 Barriton the Conjurer (level 5, 0/38 HPs)
             Began as a Draconian Conjurer on May 22, 2023.
             Slain by a sleepcap (8 damage)
             ... on level 4 of the Dungeon.
             The game lasted 00:02:28 (3654 turns).

Barriton the Conjurer (Draconian Conjurer)          Turns: 3654, Time: 00:02:29

Health: 0/38       AC:  5    Str:  9    XL:     5   Next: 58%
Magic:  10/10      EV:  2    Int: 21    God:
Gold:   108        SH:  0    Dex:  9    Spells: 8/11 levels left

rFire   . . .        f - staff of cold
rCold   + + .        (no shield)
rNeg    . . .        (body armour unavailable)
rPois   .            (helmet restricted)
rElec   .            (no cloak)
rCorr   .            (no gloves)
SInv    .            (no boots)
Will    .....        (no amulet)
Stlth   ++           e - ring of protection from cold
HPRegen 0.26/turn    (no ring)
MPRegen 0.12/turn

%: no passive effects
@: sleeping
A: AC +5, unfitting armour, cold-blooded
a: no special abilities


You were on level 4 of the Dungeon.
You visited 1 branch of the dungeon, and saw 4 of its levels.

You collected 108 gold pieces.

Inventory:

Magical Staves
 f - a staff of cold (weapon)
Jewellery
 e - a ring of protection from cold (left hand)
Scrolls
 h - 3 scrolls of fog
Potions
 a - a potion of magic
 b - a potion of haste {unknown}
 c - 3 potions of curing
 d - 2 potions of might {unknown}
 g - a potion of mutation {unknown}


   Skills:
 + Level 0.3 Staves
 + Level 2.1 Dodging
 + Level 2.2 Stealth
 + Level 0.8 Unarmed Combat
 + Level 3.5 Spellcasting
 + Level 5.5 Conjurations


You had 8 spell levels left.
You knew the following spells:

 Your Spells              Type           Power      Damage    Failure   Level
a - Magic Dart            Conj           100%       1d8       1%          1
b - Searing Ray           Conj           54%        2d6       1%          2

Your spell library contained the following spells:

 Spells                   Type           Power      Damage    Failure   Level
 Dazzling Flash           Conj/Hex       26%        N/A       14%         3
 Stone Arrow              Conj/Erth      26%        3d8       14%         3
 Fulminant Prism          Conj/Hex       6%         3d6       43%         4
 Iskenderun's Mystic Bla  Conj/Tloc      13%        2d5       43%         4
 Lehudib's Crystal Spear  Conj/Erth      6%         10d3      100%        8
 Animate Armour           Summ/Erth      Unusable   N/A       N/A         4

Dungeon Overview and Level Annotations

Branches:
Dungeon (4/15)
 Temple: D:4-7

Altars:
Zin


Innate Abilities, Weirdness & Mutations

Your plain brown scales are hard. (AC +5)
You cannot fit into any form of body armour.
You are cold-blooded and may be slowed by cold attacks.


Message History

Aiming: Searing Ray (safe; 1% risk of failure)
Press: ? - help, Shift-Dir - straight line, f/p - sleepcap
Aim: a sleepcap (moderately damaged, 100% to hit)
The searing ray hits the sleepcap but does no damage.
The sleepcap is moderately damaged. (Press . to maintain the ray.)
The searing ray hits the sleepcap.
The sleepcap is heavily damaged.
The sleepcap barely misses you.
Unknown command.
The searing ray hits the sleepcap.
The sleepcap is severely damaged.
The sleepcap releases spores at you.
You are engulfed in a cloud of soporific spores!
You fall asleep.
The sleepcap releases spores at you!
You wake up.
You are engulfed in a cloud of soporific spores!
You are unaffected.
The sleepcap releases spores at you but does no damage.
Unknown command.
The sleepcap releases spores at you.
You are engulfed in a cloud of soporific spores!
You are unaffected.
Casting: Searing Ray (safe; 1% risk of failure)
Confirm with . or Enter, or press ? or * to list all spells.
Aiming: Searing Ray (safe; 1% risk of failure)
Press: ? - help, Shift-Dir - straight line, f/p - sleepcap
Aim: a sleepcap (severely damaged, 100% to hit)
The searing ray hits the sleepcap.
The sleepcap is severely damaged. (Press . to maintain the ray.)
The sleepcap releases spores at you!
Without enough magic to sustain it, your searing ray dissipates.
The sleepcap closely misses you. Magic courses through your body.
The sleepcap releases spores at you!
* * * LOW HITPOINT WARNING * * *
You are engulfed in a cloud of soporific spores!
You fall asleep.
The sleepcap releases spores at you!
You die...

########### #.........#
#.######.## ##.######.#
### #††.....#.# #..
#.......#.# # #
#.###.......#.#
....#.#...........#.####
#..?...@.##.......#.....
......f..##########.##..
.........# #.###.
.......... #.# #.
.........## ####.###.
.......... #.......§
...>.....# #.#.#.###...§
.......... #.#.#.# #...§
. #.#.#.#.# #....


You could see a sleepcap.

Vanquished Creatures
  A vampire bat (D:3)
  A howler monkey (D:4)
  A hound (D:4)
  3 gnolls (D:4)
  An adder (D:2)
  2 dart slugs
  2 worms
  An orc (D:4)
  8 ball pythons
  11 bats
  6 endoplasms
  6 giant cockroaches
  3 goblins
  2 hobgoblins (D:1)
  2 kobolds
  2 quokkas
  2 frilled lizards (D:2)
  3 rats (D:2)
57 creatures vanquished.

Notes
Turn   | Place    | Note
-------+----------+-------------------------------------------
     0 | D:1      | Barriton the Draconian Conjurer began the quest for the
                  | Orb.
     0 | D:1      | Reached XP level 1. HP: 14/14 MP: 3/3
   174 | D:1      | Reached XP level 2. HP: 20/20 MP: 3/5
   222 | D:1      | Learned a level 2 spell: Searing Ray
  1041 | D:2      | Reached XP level 3. HP: 26/26 MP: 3/6
  2438 | D:3      | Reached skill level 5 in Conjurations
  2438 | D:3      | Reached XP level 4. HP: 30/33 MP: 0/8
  3251 | D:4      | Found a glowing silver altar of Zin.
  3283 | D:4      | Reached XP level 5. HP: 23/38 MP: 4/9
  3654 | D:4      | Slain by a sleepcap

Illustrated notes

Levels and vault maps discovered:
D:1:      minmay_arrival_arboretum_small, layout_loops_ring
D:2:      layout_loops_ring
D:3:      layout_basic, roderic_batcave
D:4:      layout_basic, mainiacjoe_overflow_concentric_impassable,
          gammafunk_ghost_mausoleum

Skill      XL: |  1  2  3  4 |
---------------+-------------+-----
Dodging        | 2 |  2.1
Stealth        | 2 |  2.2
Conjurations   | 5 |  5.5
Spellcasting   | 3 |  3.5
Staves         | |  0.3
Unarmed Combat | |  0.8

Action                     |  1- 3 |  4- 6 || total
---------------------------+-------+-------++-------
  Melee: Unarmed           |     7 |       ||     7
         Punch             |     1 |       ||     1
         Staff             |     4 |       ||     4
         Tailslap          |     3 |       ||     3
   Cast: Magic Dart        |    87 |    33 ||   120
         Searing Ray       |     1 |     4 ||     5
    Use: Scroll            |     3 |     4 ||     7
         Potion            |       |     1 ||     1
 Armour: Skin              |     4 |     3 ||     7
  Dodge: Dodged            |    17 |     6 ||    23

Table legend: (Time is in decaauts)
 A = Elapsed time spent in this place.
 B = Non-inter-level travel time spent in this place.
 C = Inter-level travel time spent in this place.
 D = Time resting spent in this place.
 E = Time spent auto-exploring this place.
 F = Levels seen in this place.
 G = Mean time per level.
                   A        B        C        D        E       F      G
               +--------+--------+--------+--------+--------+-----+--------+
         Total |   3652 |   3558 |     94 |      0 |   3277 |   4 |  913.0 |
       Dungeon |   3652 |   3558 |     94 |      0 |   3277 |   4 |  913.0 |
               +--------+--------+--------+--------+--------+-----+--------+

Top non-repeatable levels by time:
     D:3: 1107 daAuts
     D:1: 1038 daAuts
     D:2: 927 daAuts
     D:4: 579 daAuts
